 Dungeon Crawl Stone Soup version 0.20.0-10-g0535bb4 (webtiles) character file.

80252 Gorglomux the Destroyer (level 15, -1/69 HPs)
             Began as a Felid Conjurer on June 3, 2017.
             Was a High Priest of Sif Muna.
             Slain by a deep elf blademaster
             ... wielding a +0 rapier
              (13 damage)
             ... on level 3 of the Elven Halls on June 4, 2017.
             The game lasted 03:20:34 (66093 turns).

Gorglomux the Destroyer (Felid Conjurer)           Turns: 66093, Time: 03:20:36

Health: -1/69      AC:  3    Str:  4    XL:     15   Next: 23%
Magic:  2/42       EV: 29    Int: 22    God:    Sif Muna [*****.]
Gold:   2042       SH:  0    Dex: 18    Spells: 4/40 levels left
                                        Lives:  0   Deaths: 5

rFire    + . .     SeeInvis +   (weapon unavailable)
rCold    + . .     Gourm    .   (shield unavailable)
rNeg     . . .     Faith    +   (armour unavailable)
rPois    +         Spirit   .   (helmet unavailable)
rElec    .         Reflect  .   (cloak unavailable)
rCorr    .         Harm     .   (gloves unavailable)
MR       +++..                  (boots unavailable)
Stlth    ++++......             W - amulet of faith
Regen    0.3/turn               d - ring of magical power
MPRegen  0.3/turn               s - ring "Nontafuc" {rPois rF+}

@: very slightly contaminated, starving, divine energy, quick
A: no armour, no weapons or thrown items, stealth, antennae 1, claws 1, fangs 3,
see invisible, carnivore 3, speed 1, magic resistance 1, sense surroundings 1,
shaggy fur 3, slow metabolism 1, sharp paws
a: Stop Divine Energy, Channel Magic, Forget Spell, Renounce Religion


You were on level 3 of the Elven Halls.
You worshipped Sif Muna.
Sif Muna was extremely pleased with you.
You were starving.

You visited 5 branches of the dungeon, and saw 28 of its levels.
You also visited: Labyrinth, Bailey and Wizlab.

You collected 3490 gold pieces.
You spent 1448 gold pieces at shops.

Inventory:

Jewellery
 d - a ring of magical power (left paw)
 l - an uncursed ring of flight
 s - the ring "Nontafuc" (right paw) {rPois rF+}
   (You bought it in a shop on level 2 of the Orcish Mines)

   [ring of poison resistance]

   It protects you from fire.
   It protects you from poison.
 I - the ring of the Slug {rN+ MR+}
   (You found it on level 12 of the Dungeon)

   [ring of protection from magic]

   It protects you from negative energy.
   It affects your resistance to hostile enchantments.
 W - an amulet of faith (around neck)
Wands
 e - a wand of digging (15/24)
 A - a wand of acid (10/15)
Scrolls
 k - a scroll of recharging
 n - a scroll of immolation {unknown}
 o - a scroll of fog
 p - a scroll of noise {unknown}
 x - a scroll of vulnerability {unknown}
 B - a scroll of blinking
 C - a scroll of acquirement {unknown}
 E - 9 scrolls of remove curse
 M - 8 scrolls of magic mapping
 S - a scroll of fear
 T - 5 scrolls of teleportation
 Y - a scroll of summoning
 Z - 5 scrolls of amnesia
Potions
 i - 4 potions of mutation {!q}
 m - a potion of magic
 r - 3 potions of flight
 t - 3 potions of heal wounds
 D - a potion of ambrosia
 F - 2 potions of might
 G - 3 potions of brilliance
 H - 3 potions of invisibility
 K - 8 potions of lignification
 L - 10 potions of resistance
 N - 3 potions of agility
 O - 2 potions of haste
 Q - 8 potions of curing
 R - a potion of degeneration {unknown}
 X - 2 potions of berserk rage
Books
 a - a book of Fire

   Spells                             Type                      Level
   a - Ignite Poison                  Fire/Transmutation/Poison    3
   b - Fireball                       Conjuration/Fire             5
   c - Bolt of Fire                   Conjuration/Fire             6
   d - Ring of Flames                 Charms/Fire                  7
   e - Ignition                       Fire                         8
 f - a book of Spatial Translocations

   Spells                             Type                      Level
   a - Blink                          Translocation                2
   b - Shroud of Golubria             Charms/Translocation         2
   c - Lesser Beckoning               Translocation                3
   d - Gell's Gravitas                Translocation                3
   e - Teleport Other                 Translocation                3
   f - Passage of Golubria            Translocation                4
 h - Buyxaig's Incunabulum of Shifting Protection {god gift}
   (Sif Muna gifted it to you on level 3 of the Lair of Beasts)

   Spells                             Type                      Level
   a - Shroud of Golubria             Charms/Translocation         2
   b - Petrify                        Transmutation/Earth          4
   c - Iskenderun's Battlesphere      Conjuration/Charms           5
   d - Statue Form                    Transmutation/Earth          6
 j - Sif Muna's Handbook of Enchantment {god gift}
   (Sif Muna gifted it to you on level 6 of the Lair of Beasts)

   Spells                             Type                      Level
   a - Confusing Touch                Hexes                        1
   b - Cause Fear                     Hexes                        4
   c - Darkness                       Hexes                        6
   d - Discord                        Hexes                        8
 q - a book of Necromancy

   Spells                             Type                      Level
   a - Pain                           Necromancy                   1
   b - Animate Skeleton               Necromancy                   1
   c - Vampiric Draining              Necromancy                   3
   d - Regeneration                   Charms/Necromancy            3
   e - Animate Dead                   Necromancy                   4
   f - Control Undead                 Necromancy                   4
 u - the Guide on Conjuration
   (You found it on level 1 of the Elven Halls)

   Spells                             Type                      Level
   a - Flame Tongue                   Conjuration/Fire             1
   b - Sting                          Conjuration/Poison           1
   c - Magic Dart                     Conjuration                  1
   d - Throw Flame                    Conjuration/Fire             2
   e - Fulminant Prism                Conjuration/Hexes            4
   f - Orb of Destruction             Conjuration                  7
 v - Sif Muna's Almanac of Malediction {god gift}
   (Sif Muna gifted it to you on level 2 of the Lair of Beasts)

   Spells                             Type                      Level
   a - Corona                         Hexes                        1
   b - Confuse                        Hexes                        3
   c - Leda's Liquefaction            Hexes/Earth                  4
   d - Invisibility                   Hexes                        6
 w - a book of Power

   Spells                             Type                      Level
   a - Iskenderun's Battlesphere      Conjuration/Charms           5
   b - Venom Bolt                     Conjuration/Poison           5
   c - Bolt of Magma                  Conjuration/Fire/Earth       5
   d - Iron Shot                      Conjuration/Earth            6
   e - Orb of Destruction             Conjuration                  7
   f - Spellforged Servitor           Conjuration/Summoning        7
 y - Sif Muna's Tome of Sinister Arts and Blows and Bruises {god gift}
   (Sif Muna gifted it to you on level 13 of the Dungeon)

   Spells                             Type                      Level
   a - Searing Ray                    Conjuration                  2
   b - Corpse Rot                     Necromancy                   2
   c - Force Lance                    Conjuration/Translocation    4
   d - Sticky Flame                   Conjuration/Fire             4
   e - Fire Storm                     Conjuration/Fire             9
 J - Sif Muna's Guide on Bewitchment and Confrontation {god gift}
   (Sif Muna gifted it to you in a bailey)

   Spells                             Type                      Level
   a - Throw Flame                    Conjuration/Fire             2
   b - Ensorcelled Hibernation        Hexes/Ice                    2
   c - Summon Guardian Golem          Hexes/Summoning              3
   d - Bolt of Draining               Conjuration/Necromancy       5
   e - Metabolic Englaciation         Hexes/Ice                    5
   f - Yara's Violent Unravelling     Hexes/Transmutation          5
   g - Bolt of Fire                   Conjuration/Fire             6
   h - Lehudib's Crystal Spear        Conjuration/Earth            8
Miscellaneous
 c - a fan of gales
 g - a crystal ball of energy
 U - 2 boxes of beasts
 V - a phantom mirror
Comestibles
 z - 4 meat rations
 P - 3 royal jellies


   Skills:
 - Level 10.0 Fighting
 - Level 12.7 Dodging
 - Level 7.2 Stealth
 + Level 13.0 Spellcasting
 - Level 14.4 Conjurations
 - Level 10.0 Hexes
 - Level 7.3 Charms
 - Level 10.0 Translocations
 + Level 12.6 Fire Magic
 - Level 10.0 Earth Magic
 - Level 7.0 Invocations


You had 4 spell levels left.
You knew the following spells:

 Your Spells              Type           Power        Failure   Level  Hunger
a - Magic Dart            Conj           ####         0%          1    None
b - Iskenderun's Battles  Conj/Chrm      ######..     1%          5    ###....
c - Iskenderun's Mystic   Conj           ######..     1%          4    None
d - Fulminant Prism       Conj/Hex       ######....   1%          4    None
e - Force Lance           Conj/Tloc      ######..     1%          4    None
f - Bolt of Fire          Conj/Fire      ######....   2%          6    #####..
g - Iron Shot             Conj/Erth      ######....   4%          6    #####..
I - Invisibility          Hex            ######..     11%         6    #####..


Dungeon Overview and Level Annotations

Branches:
Dungeon (15/15)            Temple (0/1) D:7            Lair (6/6) D:10
  Swamp (2/4) Lair:2       Spider (0/4) Lair:2        Slime (0/5) Lair:6
    Orc (2/2) D:9             Elf (3/3) Orc:2        Vaults (0/5) D:14
 Depths (0/5) D:15

Altars:
Ashenzari
Fedhas
Gozag
Hepliaklqana
Kikubaaqudgha
Makhleb
Okawaru
Qazlal
Sif Muna
Beogh
Jiyva

Shops:
D:5 }   D:9 %   D:10 (   Orc:1 :   Orc:2 *=[(

Annotations:
D:4 exclusions: upstairs and 17 more exclusions, Grinder, Ijyb
D:7 Prince Ribbit
Elf:2 3 runed doors


Innate Abilities, Weirdness & Mutations

You cannot wear armour.
You are incapable of wielding weapons or throwing items.
Your paws allow you to move quietly. (Stealth)
You have sharp claws.
You have razor-sharp teeth.
You have supernaturally acute eyesight. (SInv)
You are carnivorous and can eat meat at any time.
You cover ground quickly.
Your thick and shaggy fur keeps you warm. (AC +3, rC+)
You have a slow metabolism.
Your sharp claws are effective at attacking unaware monsters.
You have a pair of small antennae on your head.
You are resistant to hostile enchantments. (MR+)
You passively map a small area around you.


Message History

The iron shot hits the deep elf blademaster.
The deep elf blademaster is almost dead.
The deep elf blademaster hits you with a rapier!!
The deep elf blademaster hits you with a rapier.
Some walls begin to move on their own!
The deep elf blademaster hits you with a rapier! x2
You hear a shout!
Casting: Iron Shot
Confirm with . or Enter, or press ? or * to list all spells.
Aiming: Iron Shot
Press: ? - help, Shift-Dir - straight line, f/p - deep elf blademaster
Aim: a deep elf blademaster, wielding two rapiers, wearing a runed ring mail and wearing a ring of magical power (almost dead)
You miscast Iron Shot.
You are very lightly contaminated with residual magic.
Your skin tingles.
You are starving!
The deep elf blademaster hits you with a rapier!!
* * * LOW HITPOINT WARNING * * *
The deep elf blademaster hits you with a rapier!
You die...

#.## #.#.# #.#
####.#.## #.#
##≈≈≈....# #.#
##≈≈≈...#.## #.#
##≈≈≈..≈###.#
#.###≈≈≈..≈≈#
#.##
[..e≈≈≈..≈≈≈#
##.#
...≈≈)..≈≈≈## #.#
#.##...≈≈≈## ##@#
#.##.∩e≈≈## #.e##
#.##..E).## *#EE#
..#####....#Ee.##
###..# #.EE.e..#*
,,#..# ##..E)..#
,#..# #..E#### ,
#..# #.##
###..#####..#


You could see a deep elf blademaster, 2 deep elf elementalists and 5 earth
elementals.

Vanquished Creatures
  A tentacled monstrosity (Swamp:1)
  Rupert (D:15)
  A thorn hunter (Swamp:1)
  An orc warlord (Orc:2)
  Aizul (Elf:1)
  A deep elf elementalist (Elf:3)
  A deep elf annihilator (Elf:1)
  Nessos (D:13)
  A deep elf demonologist (Elf:3)
  The ghost of newuser the Basher, a journeyman OgEE of Qazlal (D:9)
  A deep elf death mage (Elf:1)
  A minotaur (Lab)
  An ogre mage (Orc:2)
  13 hydras
  3 centaur warriors
  A catoblepas (D:13)
  3 alligators (Swamp:1)
  2 orc high priests
  2 death knights
  7 dancing weapons
  3 tengu warriors
  17 two-headed ogres
  10 death yaks
  A shock serpent (shapeshifter) (Elf:2)
  An iron troll (D:14)
  6 deep elf knights
  2 unseen horrors
  2 skeletal warriors (D:11)
  A swamp dragon (Swamp:1)
  A shambling mangrove (Swamp:1)
  5 orc knights
  2 wizards (D:15)
  17 deep elf archers
  2 necromancers
  43 deep elf magi
  A wolf spider zombie (D:15)
  A wolf spider (Lair:6)
  16 ugly things
  8 orc sorcerers
  8 cyclopes
  A manticore (D:14)
  20 elephants
  A guardian serpent (Lair:6)
  3 centaur zombies
  An ice statue (D:12)
  11 black mambas
  2 gargoyles
  A kobold demonologist (D:12)
  A spiny frog (shapeshifter) (D:13)
  9 centaur skeletons
  32 spiny frogs
  9 komodo dragons
  4 rime drakes
  A tengu conjurer (D:13)
  2 freezing wraiths
  11 trolls
  2 wind drakes (WizLab)
  13 hornets
  2 tyrant leeches (Swamp:1)
  34 blink frogs
  9 polar bears
  2 bog bodies (Swamp:1)
  18 slime creatures
  10 hippogriffs
  19 dream sheep
  2 meliai zombies (D:12)
  3 shadows
  A centaur simulacrum (D:15)
  15 air elementals
  3 wraiths
  6 redbacks
  8 spriggans
  A vampire (D:12)
  16 wyverns
  2 water elementals
  51 yaks
  6 basilisks
  3 fire elementals
  19 vampire mosquitoes
  2 hungry ghosts
  3 swamp worms (Swamp:1)
  2 soldier ants
  3 insubstantial wisps (WizLab)
  2 hell hounds (D:10)
  A warg (Orc:2)
  4 floating eyes (D:12)
  26 water moccasins
  9 porcupines
  An eye of draining (D:12)
  57 orc warriors
  7 ice beasts
  7 sky beasts
  5 phantoms
  3 necrophages
  4 swamp drakes (Swamp:1)
  14 black bears
  9 boggarts (D:14)
  17 ogres
  3 wolves (Lair:3)
  13 centaurs
  17 crocodiles
  5 big kobolds
  22 bullfrogs
  2 gnoll sergeants
  3 earth elementals
  A water moccasin zombie (D:10)
  7 scorpions
  15 killer bees
  13 wights
  3 electric eels
  6 howler monkeys
  6 jellies
  3 bullfrog zombies
  6 crimson imps
  A quasit (D:11)
  6 hounds
  38 orc priests
  4 bullfrog skeletons
  10 worker ants
  5 iguanas
  38 orc wizards
  A hound skeleton (D:11)
  2 howler monkey zombies
  2 worker ant zombies
  17 adders
  8 gnolls
  A howler monkey skeleton (D:6)
  A shadow imp (D:15)
  2 oozes (Lair:6)
  An adder skeleton (D:4)
  2 worms
  2 dart slugs
  7 leopard geckos
  126 orcs
  11 giant cockroaches
  9 goblins
  7 hobgoblins
  12 jackals
  16 kobolds
  5 quokkas
  7 bats
  5 frilled lizards
  A jackal zombie (D:8)
  12 rats
  8 fulminant prisms
  3 fungi
  3 plants
1219 creatures vanquished.

Vanquished Creatures (others)
  A deep elf knight (Elf:1)
  A black mamba (Lair:6)
  A centaur simulacrum (D:13)
  A crimson imp (D:12)
  2 bushes (Lair:6)
  299 fulminant prisms
  42 fungi
  70 plants
  4 toadstools (D:1)
421 creatures vanquished.

Grand Total: 1640 creatures vanquished

Notes
Turn   | Place    | Note
-------+----------+-------------------------------------------
     0 | D:1      | Gorglomux the Felid Conjurer began the quest for the Orb.
     0 | D:1      | Reached XP level 1. HP: 7/7 MP: 4/4
   418 | D:1      | Reached skill level 4 in Conjurations
   480 | D:1      | Reached XP level 2. HP: 11/11 MP: 1/6
   629 | D:1      | Learned a level 2 spell: Searing Ray
  1283 | D:1      | Reached XP level 3. HP: 14/14 MP: 1/7
  2430 | D:2      | Reached skill level 5 in Conjurations
  2746 | D:3      | Reached XP level 4. HP: 18/18 MP: 4/8
  2930 | D:3      | Learned a level 4 spell: Iskenderun's Mystic Blast
  3391 | D:3      | Reached XP level 5. HP: 18/21 MP: 6/9
  3510 | D:3      | Reached skill level 6 in Conjurations
  4258 | D:4      | Found a shattered altar of Ashenzari.
  4260 | D:4      | Found a deep blue altar of Sif Muna.
  4262 | D:4      | Found a hazy altar of Hepliaklqana.
  4269 | D:4      | Became a worshipper of Sif Muna the Loreminder
  4869 | D:4      | Gained mutation: You are covered in thick fur. (AC +2) [Felid growth]
  4869 | D:4      | Reached XP level 6. HP: 16/24 MP: 0/10
  4975 | D:4      | Found an opulent altar of Gozag.
  4976 | D:4      | Noticed Grinder
  5363 | D:5      | Entered Level 5 of the Dungeon
  5465 | D:5      | Noticed Ijyb
  5896 | D:4      | Reached skill level 3 in Spellcasting
  5896 | D:4      | Reached skill level 7 in Conjurations
  5983 | D:4      | Learned a level 4 spell: Fulminant Prism
  6089 | D:5      | Reached XP level 7. HP: 19/27 MP: 3/13
  6457 | D:5      | Gained mutation: You are resistant to hostile enchantments. (MR+) [potion of mutation]
  6457 | D:5      | Gained mutation: You passively map a small area around you. [potion of mutation]
  6457 | D:5      | Gained mutation: You have a pair of small antennae on your head. [potion of mutation]
  6567 | D:5      | Reached * piety under Sif Muna
  6912 | D:5      | Found Miyra's Gadget Shop.
  7032 | D:6      | Reached skill level 8 in Conjurations
  7208 | D:6      | Reached XP level 8. HP: 31/31 MP: 0/16
  7798 | D:5      | Learned a level 4 spell: Force Lance
  7803 | D:6      | Reached ** piety under Sif Muna
  7810 | D:6      | Reached skill level 1 in Translocations
  7992 | D:6      | Reached skill level 1 in Hexes
  8313 | D:6      | Reached skill level 6 in Spellcasting
  8367 | D:6      | Reached skill level 3 in Hexes
  8367 | D:6      | Reached skill level 3 in Translocations
  9374 | D:7      | Reached *** piety under Sif Muna
  9458 | D:7      | Noticed a hippogriff
  9493 | D:6      | Killed a hippogriff
  9493 | D:6      | Reached XP level 9. HP: 13/34 MP: 0/19
  9632 | D:7      | Reached skill level 6 in Hexes
  9632 | D:7      | Reached skill level 6 in Translocations
  9724 | D:7      | Found a staircase to the Ecumenical Temple.
  9810 | D:7      | Noticed a two-headed ogre
  9812 | D:7      | Noticed Prince Ribbit
  9817 | D:7      | Killed a two-headed ogre
 10187 | D:7      | Reached skill level 3 in Fighting
 10691 | D:7      | Reached skill level 6 in Stealth
 11061 | D:8      | Reached skill level 6 in Dodging
 11062 | D:8      | Noticed a two-headed ogre
 11131 | D:8      | Killed a two-headed ogre
 11131 | D:8      | Reached XP level 10. HP: 31/43 MP: 0/20
 11207 | D:8      | Noticed a two-headed ogre
 11221 | D:8      | Killed a two-headed ogre
 11699 | D:8      | Reached skill level 6 in Fighting
 12031 | D:8      | Reached skill level 1 in Invocations
 12459 | D:9      | Found an iron altar of Okawaru.
 12485 | D:9      | Found Zuuvyigg's Food Shop.
 12653 | D:9      | Found a stormy altar of Qazlal.
 12864 | D:9      | Reached skill level 9 in Dodging
 13012 | D:9      | Noticed newuser's ghost (journeyman OgEE)
 13455 | D:9      | Found a roughly hewn altar of Beogh.
 13468 | D:9      | Reached skill level 3 in Invocations
 13975 | D:9      | Found a staircase to the Orcish Mines.
 14258 | D:9      | Reached XP level 11. HP: 50/50 MP: 7/21
 14651 | D:9      | Killed newuser's ghost
 14923 | D:10     | Entered Level 10 of the Dungeon
 14936 | D:10     | Found a staircase to the Lair.
 15281 | D:10     | Found Haduxiah's Antique Weapon Shoppe.
 15455 | D:10     | Noticed a centaur warrior
 16029 | Lair:1   | Entered Level 1 of the Lair of Beasts
 16204 | D:10     | HP: 1/51 [centaur warrior (6)]
 16205 | D:10     | Slain by a centaur warrior
 16206 | D:10     | Reached XP level 10. HP: -1/48 MP: 0/20
 16291 | D:10     | Killed a centaur warrior
 16872 | D:10     | Noticed a two-headed ogre
 16958 | D:10     | Killed a two-headed ogre
 17196 | D:10     | Noticed a two-headed ogre
 17216 | D:10     | Killed a two-headed ogre
 17216 | D:10     | Reached skill level 6 in Invocations
 17440 | D:10     | Reached XP level 11. HP: 52/52 MP: 16/21
 17831 | D:10     | Reached **** piety under Sif Muna
 18130 | Lair:1   | Reached skill level 9 in Fighting
 18566 | D:10     | Reached skill level 12 in Dodging
 21241 | Lair:2   | Learned a level 5 spell: Iskenderun's Battlesphere
 21285 | Lair:2   | Reached skill level 1 in Charms
 21289 | Lair:2   | Noticed a seven-headed hydra
 21370 | Lair:2   | Found a staircase to the Swamp.
 21580 | Lair:2   | Gained mutation: Your thick and shaggy fur keeps you warm. (AC +3, rC+) [Felid growth]
 21580 | Lair:2   | Reached XP level 12. HP: 55/58 MP: 13/22
 21632 | Lair:2   | Killed a seven-headed hydra
 22327 | Lair:2   | Reached ***** piety under Sif Muna
 22327 | Lair:2   | Received a gift from Sif Muna
 22327 | Lair:2   | Reached skill level 9 in Conjurations
 22328 | Lair:2   | Identified Sif Muna's Almanac of Malediction {god gift} (Sif Muna gifted it to you on level 2 of the Lair of Beasts)
 22334 | Lair:2   | Learned a level 4 spell: Leda's Liquefaction
 22431 | Lair:2   | Reached skill level 3 in Charms
 23533 | Lair:2   | Found a hole to the Spider Nest.
 24831 | Lair:3   | Noticed a seven-headed hydra
 24839 | Lair:3   | Killed a seven-headed hydra
 24839 | Lair:3   | Reached skill level 9 in Translocations
 25073 | Lair:3   | Reached skill level 9 in Hexes
 25829 | Lair:3   | Noticed a death yak
 25830 | Lair:3   | Noticed a death yak
 25836 | Lair:3   | Noticed a death yak
 25862 | Lair:3   | Killed a death yak
 25900 | Lair:3   | Killed a death yak
 25921 | Lair:3   | Killed a death yak
 25921 | Lair:3   | Reached XP level 13. HP: 61/61 MP: 1/25
 26739 | Lair:3   | Reached skill level 6 in Charms
 27495 | Lair:4   | Reached skill level 10 in Conjurations
 27665 | Lair:3   | Learned a level 5 spell: Bolt of Magma
 27714 | Lair:3   | Identified Buyxaig's Incunabulum of Shifting Protection {god gift} (Sif Muna gifted it to you on level 3 of the Lair of Beasts)
 27714 | Lair:3   | Received a gift from Sif Muna
 28200 | Lair:4   | Killed from afar by a rime drake
 28201 | Lair:4   | Reached XP level 12. HP: -3/58 MP: 25/25
 28484 | Lair:3   | Killed a death yak
 29012 | Lair:4   | Reached skill level 1 in Fire Magic
 29217 | Lair:4   | Reached skill level 1 in Earth Magic
 29588 | Lair:4   | Killed a death yak
 29791 | Lair:5   | Found a labyrinth entrance.
 29802 | Lab      | Entered a labyrinth
 30421 | Lab      | Noticed a minotaur
 30424 | Lab      | Killed a minotaur
 30628 | Lair:5   | Noticed a seven-headed hydra
 30911 | Lair:5   | Reached XP level 13. HP: 61/61 MP: 0/26
 31196 | Lair:5   | Reached skill level 9 in Spellcasting
 31659 | Lair:5   | Reached skill level 3 in Fire Magic
 31688 | Lair:4   | Reached skill level 3 in Earth Magic
 32497 | Lair:5   | Learned a level 6 spell: Statue Form
 33077 | Lair:6   | Entered Level 6 of the Lair of Beasts
 33111 | Lair:6   | Reached skill level 11 in Conjurations
 33700 | Lair:6   | Found a runed door.
 33700 | Lair:6   | Found a viscous altar of Jiyva.
 33701 | Lair:6   | Found a staircase to the Slime Pits.
 34097 | Lair:6   | Identified Sif Muna's Handbook of Enchantment {god gift} (Sif Muna gifted it to you on level 6 of the Lair of Beasts)
 34097 | Lair:6   | Received a gift from Sif Muna
 35318 | Lair:6   | HP: 3/61 [yak (16)]
 36054 | Lair:6   | Reached XP level 14. HP: 15/66 MP: 2/28
 37644 | Lair:6   | Learned a level 6 spell: Iron Shot
 37954 | Lair:6   | Reached skill level 6 in Fire Magic
 39003 | D:10     | Reached skill level 6 in Earth Magic
 39062 | D:11     | Reached skill level 12 in Conjurations
 39074 | D:11     | Found a flagged portal.
 39108 | Bailey   | Entered a bailey
 39217 | Bailey   | Identified Sif Muna's Guide on Bewitchment and Confrontation {god gift} (Sif Muna gifted it to you in a bailey)
 39217 | Bailey   | Received a gift from Sif Muna
 39357 | Bailey   | Learned a level 6 spell: Bolt of Fire
 43621 | D:12     | Reached XP level 15. HP: 69/69 MP: 11/30
 43792 | D:12     | Got a wavering bone ring
 43794 | D:12     | Identified the ring of the Slug {rN+ MR+} (You found it on level 12 of the Dungeon)
 44127 | D:13     | Noticed Nessos
 44144 | D:13     | Killed Nessos
 45707 | D:13     | Killed from afar by a death drake (shapeshifter)
 45708 | D:13     | Reached XP level 14. HP: -7/65 MP: 1/29
 46580 | D:13     | Identified Sif Muna's Tome of Sinister Arts and Blows and Bruises {god gift} (Sif Muna gifted it to you on level 13 of the Dungeon)
 46580 | D:13     | Received a gift from Sif Muna
 47114 | D:13     | Reached skill level 13 in Conjurations
 48379 | D:14     | Found a blossoming altar of Fedhas.
 48638 | D:14     | Found a gate to the Vaults.
 48990 | D:15     | Entered Level 15 of the Dungeon
 49604 | D:15     | Found a staircase to the Depths.
 49733 | D:15     | Noticed Rupert
 49764 | D:15     | Reached skill level 9 in Earth Magic
 50029 | D:15     | Killed Rupert
 50198 | D:15     | Reached skill level 9 in Fire Magic
 50635 | D:15     | Reached XP level 15. HP: 14/69 MP: 4/30
 51842 | D:14     | Identified Sif Muna's Compendium of the Excruciating Mountains {god gift} (Sif Muna gifted it to you on level 14 of the Dungeon)
 51842 | D:14     | Received a gift from Sif Muna
 52150 | Orc:1    | Entered Level 1 of the Orcish Mines
 52849 | Orc:1    | Found a roughly hewn altar of Beogh.
 53156 | Orc:1    | Found Joylais's Book Boutique.
 53170 | Orc:1    | Bought a book of Fire for 1040 gold pieces
 53272 | Orc:2    | Entered Level 2 of the Orcish Mines
 53451 | Orc:2    | Found a staircase to the Elven Halls.
 53732 | Orc:2    | Noticed an orc warlord
 53759 | Orc:2    | Killed an orc warlord
 54641 | Orc:2    | Found a burning altar of Makhleb.
 54802 | Orc:2    | Reached skill level 14 in Conjurations
 55186 | Orc:2    | Found a roughly hewn altar of Beogh.
 55461 | Orc:2    | Found Jayg's Antique Weapon Boutique.
 55470 | Orc:2    | Found Toddiy's Jewellery Boutique.
 55484 | Orc:2    | Bought the ring "Nontafuc" {rPois rF+} for 408 gold pieces
 55492 | Orc:2    | Found Somolyij's Antique Armour Boutique.
 56047 | Orc:2    | Found Launusur's General Store.
 56422 | Swamp:1  | Entered Level 1 of the Swamp
 56903 | Swamp:1  | Received a gift from Sif Muna
 57141 | Swamp:1  | Noticed a thorn hunter
 57150 | Swamp:1  | Killed a thorn hunter
 57643 | Swamp:1  | Noticed a tentacled monstrosity
 57650 | Swamp:1  | Killed a tentacled monstrosity
 57650 | Swamp:1  | Reached XP level 16. HP: 73/73 MP: 7/32
 58699 | Swamp:1  | Learned a level 6 spell: Invisibility
 59208 | Elf:1    | Entered Level 1 of the Elven Halls
 59539 | Elf:1    | Received a gift from Sif Muna
 59548 | Elf:1    | HP: 1/73 [deep elf archer/arrow (5)]
 60110 | Elf:1    | Identified the Guide on Conjuration
 60110 | Elf:1    | Noticed Aizul
 60159 | Elf:1    | Killed Aizul
 60831 | Elf:1    | Mangled by a scimitar of slicing
 60832 | Elf:1    | Reached XP level 15. HP: -6/69 MP: 4/40
 60925 | Elf:1    | Reached skill level 12 in Spellcasting
 62288 | Elf:1    | Reached skill level 12 in Fire Magic
 63085 | Elf:2    | Found an ancient bone altar of Kikubaaqudgha.
 63514 | Elf:2    | Found a runed gate.
 63514 | Elf:2    | Found a runed gate.
 63514 | Elf:2    | Found a runed gate.
 63771 | Elf:2    | Reached XP level 16. HP: 49/73 MP: 7/33
 64226 | Elf:3    | Entered Level 3 of the Elven Halls
 64280 | Elf:3    | Found a magical portal.
 64405 | WizLab   | Entered The Chambers of the Cloud Mage
 64408 | WizLab   | Slain by an air elemental
 64409 | WizLab   | Reached XP level 15. HP: -1/69 MP: 41/41
 65924 | Elf:3    | Received a gift from Sif Muna
 65925 | Elf:3    | Identified Sif Muna's Volume of Mysticism {god gift} (Sif Muna gifted it to you on level 3 of the Elven Halls)
 66087 | Elf:3    | Noticed a deep elf blademaster
 66093 | Elf:3    | Slain by a deep elf blademaster

Skill      XL: |  1  2  3  4  5  6  7  8  9 10 11 12 13 14 15 16 |
---------------+-------------------------------------------------+-----
Conjurations   | 4 5 6 7 8 9 11 13 14 | 14.4
Spellcasting   | 3 5 6 7 9 10 13 | 13.0
Translocations | 5 6 7 9 10 | 10.0
Hexes          | 5 6 7 9 10 | 10.0
Fighting       | 4 7 9 10 | 10.0
Dodging        | 6 11 12 | 12.7
Stealth        | 7 |  7.2
Invocations    | 6 7 |  7.0
Charms         | 1 5 7 |  7.3
Fire Magic     | 2 5 9 12 11 | 12.6
Earth Magic    | 2 4 9 10 | 10.0

Action                   |  1- 3 |  4- 6 |  7- 9 | 10-12 | 13-15 | 16-18 || total
-------------------------+-------+-------+-------+-------+-------+-------++-------
Melee: Unarmed           |    12 |    26 |    45 |   107 |   600 |    38 ||   828
       Bite              |     2 |     2 |     5 |    10 |    75 |     3 ||    97
 Cast: Magic Dart        |    73 |   112 |   181 |   137 |    37 |       ||   540
       Searing Ray       |     8 |    11 |    12 |       |       |       ||    31
       Iskenderun's Myst |       |     6 |    46 |   369 |   238 |    46 ||   705
       Fulminant Prism   |       |     1 |    21 |   134 |   150 |     2 ||   308
       Force Lance       |       |       |    13 |    67 |   120 |    30 ||   230
       Iskenderun's Batt |       |       |       |    20 |    80 |     9 ||   109
       Bolt of Magma     |       |       |       |     4 |    94 |       ||    98
       Leda's Liquefacti |       |       |       |     1 |       |       ||     1
       Bolt of Fire      |       |       |       |       |   465 |    60 ||   525
       Iron Shot         |       |       |       |       |   147 |    16 ||   163
       Invisibility      |       |       |       |       |     5 |     3 ||     8
Invok: Divine Energy     |       |       |     1 |       |       |       ||     1
       Channel Magic     |       |       |       |     8 |    47 |     5 ||    60
       Forget Spell      |       |       |       |     1 |     2 |       ||     3
 Abil: Evoke Flight      |       |       |       |       |     1 |       ||     1
Evoke: Wand              |       |       |       |     7 |     8 |       ||    15
       Box of beasts     |       |       |       |       |       |     1 ||     1
  Use: Scroll            |       |     2 |     3 |    15 |    18 |     2 ||    40
       Potion            |       |       |     2 |     3 |     3 |       ||     8
 Stab: Sleeping          |       |     2 |     2 |     1 |     8 |     1 ||    14
       Distracted        |       |       |       |       |     1 |       ||     1
       Invisible         |       |       |       |       |     1 |     1 ||     2
  Eat: Chunk             |    12 |     8 |    21 |    93 |   312 |    41 ||   487
       Meat ration       |       |       |       |     2 |     4 |       ||     6
       Royal jelly       |       |       |       |       |     8 |     5 ||    13
Armor: Skin              |       |       |     5 |    16 |    30 |     2 ||    53
Dodge: Dodged            |    13 |    50 |   113 |   376 |  1224 |   162 ||  1938
